 Dungeon Crawl Stone Soup version 0.27.0-1-g7a089689b8 (webtiles) character file.

Game seed: 17877227213646454348

1290 sasquatch the Ruffian (level 8, -5/68 HPs)
             Began as a Troll Transmuter on Aug 5, 2021.
             Was an Initiate of Gozag.
             Slain by a vampire (7 damage)
             ... on level 5 of the Dungeon.
             The game lasted 00:07:25 (3561 turns).

sasquatch the Ruffian (Troll Transmuter)            Turns: 3561, Time: 00:07:26

Health: -5/68      AC:  4    Str: 19    XL:     8   Next: 30%
Magic:  7/8        EV: 10    Int:  9    God:    Gozag
Gold:   353        SH:  0    Dex: 12    Spells: 3/9 levels left

rFire    + . .     SeeInvis .     - Unarmed
rCold    + . .     Faith    .   (no shield)
rNeg     . . .     Spirit   .   a - +0 robe
rPois    .         Reflect  .   (helmet currently unavailable)
rElec    .         Harm     .   p - scarf {rC+ rF+}
rCorr    .         Rampage  .   (gloves unavailable)
Will     .....                  (boots unavailable)
Stlth    +.........             (no amulet)
HPRegen  1.21/turn              (no ring)
MPRegen  0.11/turn              (no ring)

@: mighty, appendages
A: horns 2, talons 2, large, unfitting armour, claws 3, regeneration 1, shaggy
fur 1, tough skin 1
a: End Transformation, Renounce Religion, Potion Petition, Call Merchant, Bribe
Branch


You were on level 5 of the Dungeon.
You worshipped Gozag.
Gozag was aware of your devotion.
You had temporarily grown beastly horns and talons.
You visited 1 branch of the dungeon, and saw 5 of its levels.

You collected 540 gold pieces.
You spent 140 gold pieces at shops.
You paid 47 gold pieces to Gozag.

Inventory:

Missiles
 m - 5 javelins
Armour
 a - a +0 robe (worn)
 p - a scarf of resistance (worn)
Wands
 k - a wand of polymorph (11)
 o - a wand of flame (17)
Scrolls
 b - a scroll of summoning {unknown}
 e - a scroll of holy word {unknown}
 f - a scroll of brand weapon {unknown}
 g - 2 scrolls of teleportation {unknown}
 h - 3 scrolls of identify {unknown}
 n - a scroll of acquirement {unknown}
 q - a scroll of silence {unknown}
 s - a scroll of noise {unknown}
 t - a scroll of blinking {unknown}
Potions
 c - a potion of berserk rage {unknown}
 d - 3 potions of haste
 i - a potion of lignification {unknown}
 j - 3 potions of heal wounds {unknown}
 l - a potion of mutation {unknown}


   Skills:
 - Level 0.7 Fighting
 - Level 1.5 Dodging
 + Level 6.5 Unarmed Combat
 - Level 1.2 Spellcasting
 * Level 6.4 Transmutations


You had 3 spell levels left.
You knew the following spells:

 Your Spells              Type           Power      Damage    Failure   Level
a - Beastly Appendage     Tmut           24%        N/A       2%          1
b - Wereblood             Tmut           12%        N/A       3%          2
c - Spider Form           Tmut/Pois      3%         N/A       28%         3

Your spell library contained the following spells:

 Spells                   Type           Power      Damage    Failure   Level
 Magic Dart               Conj           0%         1d3       36%         1
 Summon Small Mammal      Summ           0%         N/A       36%         1
 Ignite Poison            Fire/Tmut/Pois 4%         N/A       41%         3
 Searing Ray              Conj           0%         3d3       50%         2
 Call Canine Familiar     Summ           0%         N/A       73%         3
 Mephitic Cloud           Conj/Pois/Air  0%         N/A       73%         3
 Summon Guardian Golem    Hex/Summ       0%         N/A       73%         3
 Ice Form                 Ice/Tmut       6%         N/A       67%         4
 Fulminant Prism          Conj/Hex       0%         3d6       98%         4
 Bolt of Magma            Conj/Fire/Erth 0%         4d4       100%        5
 Malign Gateway           Summ/Tloc      0%         N/A       100%        7
 Summon Horrible Things   Summ           0%         N/A       100%        8


Dungeon Overview and Level Annotations

Branches:
Dungeon (5/15)
 Temple: D:4-7

Altars:
Gozag
Kikubaaqudgha
Qazlal
Sif Muna

Shops:
D:2 ?   D:4 =*:


Innate Abilities, Weirdness & Mutations

You have temporarily grown beastly horns and talons.
You are too large for most types of armour.
You have claws for hands.
Your natural rate of healing is unusually fast.
You are covered in fur. (AC +1)
You have tough skin. (AC +1)


Message History

The vampire is lightly damaged.
Throw: 7 javelins
Press: ? - help, Shift-Dir - straight line, f/p - vampire
Aim: a vampire (lightly damaged, 56% to hit)
You throw a javelin.
The javelin pierces through the vampire.
The vampire is lightly damaged.
Your transformation is almost over.
Casting: Beastly Appendage (safe; 2% risk of failure)
Press: ? - help, Q - select action, (/) - cycle Dir - look around, f - activate You extend your transformation's duration.
Throw: 6 javelins
Press: ? - help, Shift-Dir - straight line, f - vampire
Aim: a vampire (lightly damaged, 56% to hit)
You throw a javelin. The javelin barely misses the vampire.
You hear a splash.
You closely miss the vampire. You claw the vampire.
The vampire is moderately damaged.
You closely miss the vampire.
The vampire is moderately damaged.
The vampire gestures wildly while chanting.
The vampire flickers and vanishes!
Deactivating autopickup; reactivate with Ctrl-A.
You miss something. Your kick misses something. Something hits you!
Something bites you!
Something draws strength from your injuries!
You miss something. You headbutt something. Something hits you!
Something bites you!
Something draws strength from your injuries!
You feel very mighty all of a sudden. Something hits you!
* * * LOW HITPOINT WARNING * * *
Something bites you!
* * * LOW HITPOINT WARNING * * *
Something draws strength from your injuries!
You closely miss something. You claw something. Something hits you!
* * * LOW HITPOINT WARNING * * *
Something bites you!
You die...
Your body crumbles into a pile of gold.

................#.#
################.##
##≈≈≈≈)...###
##≈########≈##
#.##≈(.≈. ##≈#
#.#≈≈.P.. #≈#
#.#≈).P.. #.#
#≈#≈≈)... +#.#
##≈##;≈≈≈. #.@# #
##≈######## #{## #
#≈##≈.≈P. #(≈ #
#.#;≈(PP. #≈# #
#.#;?≈≈.. #.
###.#≈≈.P.. #.
..#'##;?[P. ..
##...###### ( ##.##


There were no monsters in sight!

Vanquished Creatures
  Grinder (D:3)
  Edmund (D:4)
  An ice beast (D:5)
  4 ogres
  A phantom (D:5)
  A hound (D:4)
  2 orc priests (D:3)
  2 iguanas
  3 scorpion zombies (D:5)
  Ijyb (D:4)
  An orc wizard (D:3)
  Natasha (D:4)
  Robin (D:2)
  A howler monkey skeleton (D:5)
  6 adders
  A gnoll (D:2)
  A white imp (D:5)
  A worm (D:3)
  A dart slug (D:2)
  6 orcs
  4 endoplasms
  21 goblins
  16 hobgoblins
  8 jackals
  5 quokkas
  3 ball pythons
  3 bats
  2 frilled lizards
  7 kobolds
  8 rats
114 creatures vanquished.

Notes
Turn   | Place    | Note
-------+----------+-------------------------------------------
     0 | D:1      | sasquatch the Troll Transmuter began the quest for the Orb.
     0 | D:1      | Reached XP level 1. HP: 18/18 MP: 1/1
   231 | D:1      | Reached XP level 2. HP: 26/26 MP: 2/2
   560 | D:2      | Noticed Robin
   589 | D:1      | Learned a level 2 spell: Wereblood
   601 | D:2      | Killed Robin
   602 | D:2      | Reached XP level 3. HP: 32/32 MP: 0/3
   727 | D:2      | Found Jauxikhla's Magic Scroll Boutique.
   759 | D:2      | Reached XP level 4. HP: 32/40 MP: 1/4
   791 | D:2      | Found a faded altar of an unknown god.
  1368 | D:3      | Noticed Grinder
  1378 | D:3      | Killed Grinder
  1379 | D:3      | Reached XP level 5. HP: 46/46 MP: 3/5
  1379 | D:3      | Reached XP level 6. HP: 54/54 MP: 3/6
  1874 | D:3      | Found a stormy altar of Qazlal.
  1874 | D:3      | Found a faded altar of an unknown god.
  1882 | D:3      | Found a shimmering blue altar of Sif Muna.
  1884 | D:3      | Found an opulent altar of Gozag.
  1886 | D:3      | Found an ancient bone altar of Kikubaaqudgha.
  1897 | D:3      | Became a worshipper of Gozag Ym Sagoz the Greedy
  1960 | D:4      | Reached skill level 5 in Unarmed Combat
  2019 | D:4      | Reached XP level 7. HP: 29/61 MP: 5/7
  2030 | D:4      | Learned a level 3 spell: Spider Form
  2054 | D:4      | Noticed Edmund
  2068 | D:4      | Killed Edmund
  2069 | D:4      | Reached skill level 5 in Transmutations
  2108 | D:4      | Found Vungicw's General Store.
  2118 | D:4      | Bought a potion of haste for 140 gold pieces
  2262 | D:4      | Noticed Ijyb
  2277 | D:4      | Killed Ijyb
  2421 | D:4      | Found Viajip's Book Boutique.
  2651 | D:4      | Found Sielun's Jewellery Shop.
  2709 | D:4      | Noticed Natasha
  2717 | D:4      | Killed Natasha
  2883 | D:5      | Entered Level 5 of the Dungeon
  3120 | D:5      | Reached XP level 8. HP: 49/68 MP: 6/8
  3561 | D:5      | HP: 2/68 [something (7)]
  3561 | D:5      | Slain by a vampire

Illustrated notes

Levels and vault maps discovered:
D:1:      nicolae_arrival_memento_mori, layout_rooms
D:2:      cheibrodos_greedy_goblins, layout_loops_ring, serial_shops,
          nicolae_shop_statue_plus, shapermc_ecumenical_altar_pompeii,
          cheibrodos_gnoll_hut, uniq_robin
D:3:      layout_basic, chequers_temple_overflow_minitemple, uniq_grinder
D:4:      layout_gridville, serial_shops, nicolae_stop_n_shop_2, shop,
          shop_statue, minmay_misc_feat_columns, uniq_ijyb, uniq_edmund,
          uniq_natasha
D:5:      cheibrodos_two_vegetables, layout_loops_ring, okawaru_trees_1,
          serial_bayou_pond_e, uniq_eustachio, uniq_prince_ribbit1

Skill      XL: |  1  2  3  4  5  6  7 |
---------------+----------------------+-----
Transmutations | 2 4 6 |  6.4
Unarmed Combat | 4 5 6 |  6.5
Fighting       | |  0.7
Dodging        | |  1.5
Spellcasting   | |  1.2

Action                   |  1- 3 |  4- 6 |  7- 9 || total
-------------------------+-------+-------+-------++-------
Melee: Unarmed           |    95 |    83 |   113 ||   291
       Kick              |     3 |     7 |    28 ||    38
       Punch             |     1 |     2 |     2 ||     5
       Headbutt          |       |     2 |    15 ||    17
Throw: Javelin           |       |       |     4 ||     4
 Cast: Beastly Appendage |     2 |     6 |    17 ||    25
       Wereblood         |     2 |     4 |     6 ||    12
       Spider Form       |       |       |     1 ||     1
  Use: Potion            |       |       |     1 ||     1
 Stab: Sleeping          |       |     2 |       ||     2
       Distracted        |       |       |     1 ||     1
Armor: Robe              |    31 |    22 |    22 ||    75
Dodge: Dodged            |    42 |    39 |    40 ||   121
